 Dungeon Crawl Stone Soup version 0.21.1-1-g345015f (webtiles) character file.

1977 zishaf the Skirmisher (level 9, 72/72 HPs)
             Began as a Demonspawn Fighter on May 12, 2018.
             Was an Initiate of Gozag.
             Quit the game on level 6 of the Dungeon.
             The game lasted 00:21:08 (6857 turns).

zishaf the Skirmisher (Demonspawn Fighter)          Turns: 6857, Time: 00:21:09

Health: 72/72      AC:  9    Str: 19    XL:     9   Next: 0%
Magic:  9/9        EV:  8    Int: 11    God:    Gozag
Gold:   58         SH: 17    Dex: 12    Spells: 8/8 levels left

rFire    + . .     SeeInvis .   a - +0 war axe
rCold    . . .     Gourm    .   B - +0 large shield of the Armoured One {Stlth+} (curse)
rNeg     . . .     Faith    .   b - +0 scale mail
rPois    .         Spirit   +   (helmet restricted)
rElec    .         Reflect  .   (no cloak)
rCorr    .         Harm     .   (no gloves)
MR       .....     Rnd*Tele +   k - +1 pair of boots
Stlth    +.........             j - amulet of magic regeneration
HPRegen  0.22/turn              s - +3 ring of evasion
MPRegen  0.36/turn              z - ring of teleportation (curse)

@: no status effects
A: antennae 2, claws 1, talons 1, large bone plates 1, demonic guardian 1, fire
resistance 1, magic shield
a: Potion Petition, Call Merchant, Bribe Branch, Renounce Religion


You were on level 6 of the Dungeon.
You worshipped Gozag.
Gozag was noncommittal.
You were near starving.

You visited 1 branch of the dungeon, and saw 6 of its levels.

You collected 978 gold pieces.
You spent 237 gold pieces at shops.
You paid 683 gold pieces to Gozag.

Inventory:

Hand Weapons
 a - a +0 war axe (weapon)
 x - a +1 whip of flaming
Armour
 b - a +0 scale mail (worn)
 c - a +0 shield
 k - a +1 pair of boots (worn)
 B - the cursed +0 large shield of the Armoured One (worn) {Stlth+}
   (You bought it in a shop on level 6 of the Dungeon)

   It makes you more stealthy.
   It has a curse placed upon it.
Jewellery
 j - an amulet of magic regeneration (around neck)
 s - a +3 ring of evasion (left claw)
 y - an uncursed ring of stealth
 z - a cursed ring of teleportation (right claw)
Scrolls
 g - a scroll of noise
 i - a scroll of random uselessness {unknown}
 m - a scroll of teleportation
 n - 2 scrolls of fog
 o - a scroll of magic mapping {unknown}
 p - a scroll of amnesia
 q - 4 scrolls of enchant armour
 t - a scroll of blinking {unknown}
 u - a scroll of remove curse {unknown}
 A - a scroll of immolation {unknown}
Potions
 d - 2 potions of might
 e - 2 potions of curing
 h - 5 potions of heal wounds
 l - 3 potions of brilliance
 r - 2 potions of ambrosia
 v - a potion of cancellation {unknown}
 w - a potion of agility
Comestibles
 f - 11 rations


   Skills:
 - Level 7.3 Fighting
 - Level 5.6(6.2) Axes
 - Level 3.8(5.3) Maces & Flails
 + Level 6.3 Armour
 - Level 2.6 Shields


You had 8 spell levels left.
You didn't know any spells.

Dungeon Overview and Level Annotations

Branches:
Dungeon (6/15)
 Temple: D:4-7

Altars:
Ashenzari
Cheibriados
Gozag
Nemelex Xobeh
Wu Jian

Shops:
D:5 *   D:6 [

Annotations:
D:5 2 runed doors


Innate Abilities, Weirdness & Mutations

You have a pair of antennae on your head.
You are partially covered in large bone plates. (SH +4)
A weak demonic guardian rushes to your aid.
When hurt, damage is shared between your health and your magic reserves.
You have sharp fingernails.
You have sharp toenails.
Your flesh is heat resistant. (rF+)


Message History

Okay, then. [a] 775 gold - Saiweu's Food Emporium [b] 594 gold - Orraed's Armour Emporium [c] 734 gold - Zetretep's Distillery [d] 641 gold - Nureurch's Antique Armour Shoppe Fund which merchant?
You no longer have enough gold to petition Gozag for potion effects.
You no longer have enough gold to fund merchants seeking to open stores in the dungeon.
Nureurch invites you to visit its Antique Armour Shoppe.
There is an entrance to Nureurch's Antique Armour Shoppe here.
B - a faintly humming large shield Thank you for shopping at Nureurch's Antique Armour Shoppe!
Wear which item? (? for menu, Esc to quit)
You start removing your armour.
You continue taking off your +0 shield. x4
You finish taking off your +0 shield.
You start putting on your armour.
You continue putting on your faintly humming large shield. x5
You finish putting on the cursed +0 large shield of the Armoured One {Stlth+}.
Oops, that feels deathly cold.
Are you sure you want to abandon this character and quit the game? (Confirm with "yes".)

##########
#........######################
#........#.........#...........
#........#.........#...........
#........#.........#...........
#........#.........##......##..
#........#....@....##......##..
#........#...##............##..
###........######.............#..
...........#..................#..
...........#..................#..
...........#.........##......##..
...##.######.........##......##..
...#.............................
...#................(............


There were no monsters in sight!

Vanquished Creatures
  Pikel (D:5)
  3 phantoms
  An ice beast (D:5)
  An ogre (D:4)
  An eye of draining (D:6)
  A sky beast (D:4)
  A centaur (D:5)
  A water moccasin zombie (D:5)
  A jelly (D:6)
  2 scorpions (D:4)
  3 killer bees
  2 crimson imps (D:6)
  An orc priest (D:4)
  2 iguanas (D:4)
  4 orc wizards
  3 worker ants
  A worker ant zombie (D:5)
  5 adders
  An ooze (D:2)
  An adder skeleton (D:6)
  2 adder zombies (D:5)
  2 worms
  4 dart slugs
  2 leopard geckos
  15 orcs
  9 bats
  4 giant cockroaches
  16 goblins
  6 hobgoblins
  11 jackals
  A quokka (D:2)
  3 ball pythons
  9 frilled lizards
  3 kobolds
  6 rats
129 creatures vanquished.

Vanquished Creatures (collateral kills)
  A killer bee (D:6)
  3 orcs (D:5)
4 creatures vanquished.

Vanquished Creatures (others)
  A centaur skeleton (D:5)
1 creature vanquished.

Grand Total: 134 creatures vanquished

Notes
Turn   | Place    | Note
-------+----------+-------------------------------------------
     0 | D:1      | zishaf the Demonspawn Fighter began the quest for the Orb.
     0 | D:1      | Reached XP level 1. HP: 18/18 MP: 1/1
   127 | D:1      | Gained mutation: You have a pair of small antennae on your head. [demonic ancestry]
   127 | D:1      | Reached XP level 2. HP: 24/24 MP: 2/2
   622 | D:2      | Reached XP level 3. HP: 20/29 MP: 3/3
  1063 | D:2      | Found an opulent altar of Gozag.
  1111 | D:2      | Became a worshipper of Gozag Ym Sagoz the Greedy
  1154 | D:2      | Gained mutation: You are partially covered in large bone plates. (SH +4) [demonic ancestry]
  1154 | D:2      | Reached XP level 4. HP: 31/35 MP: 4/4
  2022 | D:3      | Reached XP level 5. HP: 20/41 MP: 5/5
  2030 | D:3      | Reached skill level 5 in Axes
  2596 | D:4      | Gained mutation: Your muscles are strong. (Str +2) [potion of mutation]
  2596 | D:4      | Lost mutation: Your muscles are strong. (Str +2) [potion of mutation]
  2596 | D:4      | Gained mutation: You possess an exceptional clarity of mind. [potion of mutation]
  2597 | D:4      | Lost mutation: You possess an exceptional clarity of mind. [potion of mutation]
  2597 | D:4      | Gained mutation: You tend to lose your temper in combat. [potion of mutation]
  2597 | D:4      | Gained mutation: You have large cloven feet. [potion of mutation]
  2902 | D:4      | Found a shattered altar of Ashenzari.
  2963 | D:4      | Reached skill level 4 in Fighting
  2997 | D:4      | Gained mutation: When hurt, damage is shared between your health and your magic reserves. [demonic ancestry]
  2997 | D:4      | Reached XP level 6. HP: 43/49 MP: 6/6
  3199 | D:4      | Reached skill level 5 in Fighting
  3799 | D:5      | Entered Level 5 of the Dungeon
  3799 | D:5      | Found a shattered altar of Ashenzari.
  3824 | D:5      | Noticed a sky beast
  3861 | D:4      | Killed a sky beast
  3861 | D:4      | Reached skill level 6 in Fighting
  3861 | D:4      | Reached XP level 7. HP: 33/59 MP: 5/7
  4217 | D:5      | Found a snail-covered altar of Cheibriados.
  4330 | D:5      | Reached skill level 7 in Fighting
  4441 | D:5      | Noticed Pikel
  4462 | D:5      | Killed Pikel
  4462 | D:5      | Reached skill level 5 in Armour
  4462 | D:5      | Gained mutation: A weak demonic guardian rushes to your aid. [demonic ancestry]
  4462 | D:5      | Reached XP level 8. HP: 66/67 MP: 8/8
  4503 | D:5      | Reached skill level 1 in Maces & Flails
  4702 | D:5      | Found a runed door.
  4714 | D:5      | Found a runed door.
  4827 | D:5      | Found Etifer's Assorted Antiques.
  5376 | D:6      | Lost mutation: You have large cloven feet. [potion of mutation]
  5376 | D:6      | Lost mutation: You tend to lose your temper in combat. [potion of mutation]
  5376 | D:6      | Gained mutation: You have sharp fingernails. [potion of mutation]
  5376 | D:6      | Gained mutation: You have sharp toenails. [potion of mutation]
  5376 | D:6      | Gained mutation: Your flesh is heat resistant. (rF+) [potion of mutation]
  5934 | D:6      | Found an ornate altar of the Wu Jian Council.
  5934 | D:6      | Found a sparkling altar of Nemelex Xobeh.
  6663 | D:6      | Gained mutation: You have a pair of antennae on your head. [demonic ancestry]
  6663 | D:6      | Reached XP level 9. HP: 60/72 MP: 9/9
  6847 | D:6      | Bought a faintly humming large shield for 237 gold pieces
  6857 | D:6      | Identified the cursed +0 large shield of the Armoured One {Stlth+} (You bought it in a shop on level 6 of the Dungeon)
  6857 | D:6      | Quit the game

Skill      XL: |  1  2  3  4  5  6  7  8 |
---------------+-------------------------+-----
Axes           | 2 3 4 5 |  5.6
Fighting       | 4 6 7 |  7.3
Armour         | 5 6 |  6.3
Maces & Flails | 3 |  3.8
Shields        | |  2.6

Action                   |  1- 3 |  4- 6 |  7- 9 || total
-------------------------+-------+-------+-------++-------
Melee: War axe           |   127 |   210 |   115 ||   452
       Whip              |       |       |   113 ||   113
Invok: Potion Petition   |       |     1 |       ||     1
       Call Merchant     |       |       |     1 ||     1
  Use: Scroll            |       |     6 |     5 ||    11
       Potion            |       |     2 |     4 ||     6
 Stab: Sleeping          |       |     1 |       ||     1
       Distracted        |       |       |     1 ||     1
  Eat: Chunk             |     1 |       |       ||     1
       Ration            |       |     3 |     2 ||     5
Armor: Scale mail        |    75 |    65 |    58 ||   198
Dodge: Dodged            |    43 |    57 |    56 ||   156
Block: Shield            |    67 |   149 |   142 ||   358
